 Dungeon Crawl Stone Soup version 0.19-a0-386-gde47aeb (webtiles) character file.

263801 Delvonshi the Lord of Darkness (level 19, 0/105 HPs)
             Began as a Demonspawn Conjurer on May 30, 2016.
             Was the Champion of Kikubaaqudgha.
             Slain by an earth elemental (22 damage)
             ... on level 3 of the Abyss on May 31, 2016.
             The game lasted 04:46:50 (48187 turns).

Delvonshi the Lord of Darkness (DsCj)              Turns: 48187, Time: 04:46:51

Health: 0/105      AC: 23    Str:  9    XL:     19   Next: 26%
Magic:  0/24       EV: 10    Int: 22    God:    Kikubaaqudgha [******]
Gold:   2177       SH: 12    Dex: 13    Spells: 11 memorised, 7 levels left

rFire  + . .     SeeInvis .     y - +8 demon blade of Pain and Death {pain, rC+ Str+3 Stlth+}
rCold  + + +     Gourm    .     N - +0 ring mail of Thank Me Later {rPois rC+++ Str-3 Slay+5}
rNeg   . . .     Faith    .     e - +3 buckler {rF+}
rPois  +         Spirit   +     R - +2 helmet
rElec  .         Dismiss  .     z - +2 cloak
rCorr  .         Reflect  +     (gloves unavailable)
SustAt +         Harm     .     J - +1 pair of boots {Fly}
MR     +....                    U - +4 amulet of reflection
Stlth  ++........               k - ring of sustain attributes
                                S - ring of wizardry

@: lethally poisoned (0 -> -29), flying, non-regenerating, diseased, slowed,
repel missiles, very slow, somewhat resistant to hostile enchantments,
unstealthy
A: claws 3, rough black scales 3, agile 1, blurry vision 2, deformed body,
demonic guardian 2, deterioration 2, frail 3, low mp 3, weak 1, augmentation 2,
magic shield, subdued magic 1, MP-powered wands
a: Receive Corpses, Torment, Brand Weapon With Pain, Receive Necronomicon,
Renounce Religion, Stop Flying
}: 2/15 runes: decaying, gossamer


You were on level 3 of the Abyss.
You worshipped Kikubaaqudgha.
Kikubaaqudgha was exalted by your worship.
You were not hungry.

You visited 7 branches of the dungeon, and saw 34 of its levels.
You visited the Abyss 1 time.
You also visited: Ice Cave and Volcano.

You collected 3956 gold pieces.
You spent 1779 gold pieces at shops.

Inventory:

Hand Weapons
 q - the +7 morningstar "Direl" {speed, *Noise +Blink rC+++ Dex-2}
   (You found it on level 2 of the Spider Nest)

   Attacks with this weapon are significantly faster.
   It affects your dexterity (-2).
   It renders you almost immune to cold.
   It lets you blink.
   It may make noises in combat.
 y - the +8 demon blade of Pain and Death (weapon) {pain, rC+ Str+3 Stlth+}
   (You bought it in a shop on level 12 of the Dungeon)

   In the hands of one skilled in necromantic magic, it inflicts extra damage on
   living creatures.
   It affects your strength (+3).
   It protects you from cold.
   It makes you more stealthy.
Armour
 e - a +3 buckler of fire resistance (worn)
 z - a +2 cloak (worn)
 J - a +1 pair of boots of flying (worn)
 N - the +0 ring mail of Thank Me Later (worn) {rPois rC+++ Str-3 Slay+5}
   (You found it on level 6 of the Dungeon)

   It affects your strength (-3).
   It affects your accuracy and damage with ranged weapons and melee attacks
   (+5).
   It renders you almost immune to cold.
   It protects you from poison.
 R - a +2 helmet (worn)
Magical Staves
 W - an uncursed staff of death
Jewellery
 k - a ring of sustain attributes (right claw)
 m - an uncursed ring of fire
 K - the ring of Hiuh {-Tele rC++ MR+ Str+3 Dex+4}
   (You found it on level 8 of the Lair of Beasts)

   [ring of protection from magic]

   It affects your strength (+3).
   It affects your dexterity (+4).
   It greatly protects you from cold.
   It affects your resistance to hostile enchantments.
   It prevents most forms of teleportation.
 S - a ring of wizardry (left claw)
 U - a +4 amulet of reflection (around neck)
Wands
 l - a wand of teleportation (2/9)
 p - a wand of disintegration (12/24)
 u - a wand of digging (8/24)
 C - a wand of paralysis (17/24)
 M - a wand of hasting (3/9)
Scrolls
 f - 6 scrolls of identify
 g - 2 scrolls of recharging
 h - 23 scrolls of remove curse
 n - 3 scrolls of fear
 s - a scroll of blinking
 D - 2 scrolls of immolation
 F - 7 scrolls of magic mapping
 G - 7 scrolls of enchant armour
 O - 11 scrolls of teleportation
 X - 5 scrolls of fog
Potions
 d - 4 potions of resistance
 j - 4 potions of brilliance
 o - 6 potions of might
 r - 15 potions of curing
 t - 2 potions of magic
 v - a potion of berserk rage
 B - 6 potions of heal wounds
 H - 3 potions of cure mutation
 P - 7 potions of flight
 Q - a potion of invisibility
 T - 2 potions of haste
 V - 3 potions of agility
 Z - 2 potions of cancellation
Books
 a - Kikubaaqudgha's Tome of Dark Arts
   (Kikubaaqudgha gifted it to you on level 1 of the Lair of Beasts)

   Spells                             Type                      Level
   a - Animate Dead                   Necromancy                   4
   b - Excruciating Wounds            Charms/Necromancy            5
   c - Bolt of Draining               Conjuration/Necromancy       5
   d - Dispel Undead                  Necromancy                   5
   e - Simulacrum                     Ice/Necromancy               6
 i - a book of Unlife

   Spells                             Type                      Level
   a - Recall                         Summoning/Translocation      3
   b - Animate Dead                   Necromancy                   4
   c - Control Undead                 Necromancy                   4
   d - Cigotuvi's Embrace             Necromancy                   5
   e - Death Channel                  Necromancy                   6
   f - Simulacrum                     Ice/Necromancy               6
 I - a book of Death

   Spells                             Type                      Level
   a - Corpse Rot                     Necromancy                   2
   b - Sublimation of Blood           Necromancy                   2
   c - Agony                          Necromancy                   5
   d - Dispel Undead                  Necromancy                   5
   e - Excruciating Wounds            Charms/Necromancy            5
   f - Bolt of Draining               Conjuration/Necromancy       5
 L - a book of Flames

   Spells                             Type                      Level
   a - Flame Tongue                   Conjuration/Fire             1
   b - Throw Flame                    Conjuration/Fire             2
   c - Conjure Flame                  Conjuration/Fire             3
   d - Inner Flame                    Hexes/Fire                   3
   e - Sticky Flame                   Conjuration/Fire             4
   f - Fireball                       Conjuration/Fire             5
Miscellaneous
 w - a disc of storms
Comestibles
 b - 4 beef jerkies
 c - 13 bread rations
 x - 12 meat rations
 A - 4 royal jellies
 E - 4 slices of pizza
 Y - 25 fruits


   Skills:
 + Level 13.4 Fighting
 - Level 11.3 Long Blades
   Level 5.2 Polearms
 - Level 7.4 Armour
 - Level 1.7 Dodging
 - Level 1.7 Stealth
 - Level 3.9 Shields
 + Level 12.5 Spellcasting
 + Level 13.2 Conjurations
 - Level 5.7 Hexes
 - Level 5.1 Charms
 + Level 15.3 Necromancy
 - Level 8.9 Ice Magic
 - Level 10.0 Air Magic
 - Level 5.3 Poison Magic
 - Level 4.9 Evocations


You had 7 spell levels left.
You knew the following spells:

 Your Spells              Type           Power        Failure   Level  Hunger
a - Magic Dart            Conj           ####         1%          1    None
b - Freezing Cloud        Conj/Ice/Air   #####.....   9%          6    #####..
c - Animate Skeleton      Necr           N/A          0%          1    None
d - Mephitic Cloud        Conj/Pois/Air  #####...     1%          3    None
e - Regeneration          Chrm/Necr      #####.....   1%          3    None
f - Repel Missiles        Chrm/Air       #####.       1%          2    None
g - Fulminant Prism       Conj/Hex       #####.....   1%          4    None
h - Bolt of Draining      Conj/Necr      ######....   1%          5    ####...
i - Animate Dead          Necr           N/A          1%          4    None
j - Sublimation of Blood  Necr           ######....   1%          2    None
k - Dispel Undead         Necr           ######..     1%          5    ####...


Dungeon Overview and Level Annotations

Branches:
Dungeon (12/15)            Temple (1/1) D:4            Lair (8/8) D:9
  Swamp (4/4) Lair:4       Spider (4/4) Lair:3        Slime (0/6) Lair:6
    Orc (2/2) D:12            Elf (3/3) Orc:2

Altars:
Ashenzari
Cheibriados
Dithmenos
Elyvilon
Fedhas
Gozag
Hepliaklqana
Kikubaaqudgha
Makhleb
Nemelex Xobeh
Okawaru
Pakellas
Qazlal
Ru
Sif Muna
Trog
Uskayaw
Vehumet
Xom
Yredelemnul
Zin
The Shining One
Beogh

Shops:
D:6 [   D:8 *   D:12 [(   Orc:2 ([?*

Annotations:
Swamp:1 exclusion: Roxanne, Roxanne


Innate Abilities, Weirdness & Mutations

You have claws for hands.
You are completely covered in rough black scales. (AC +10, Dex -3)
A demonic guardian rushes to your aid.
Your magical and physical power is enhanced at high health.
When hurt, damage is shared between your health and your magic reserves.
You are agile. (Dex +2)
You are weak. (Str -2)
Your spells are a little easier to cast, but a little less powerful.
[Scrolls take you longer to read.]
[Armour fits poorly on your strangely shaped body.]
[Your body often deteriorates upon taking damage.]
[You are extremely frail. (-30% HP)]
[Your magical capacity is extremely low. (-30% MP)]
[You expend magic power (3 MP) to strengthen your wands.]


Message History

* * * LOW HITPOINT WARNING * * *
x2 You feel very sick.
The earth elemental hits you!!
* * * LOW HITPOINT WARNING * * *
A catoblepas skeleton comes into view.
You feel much better.
Your skin stops crawling.
* * * LOW HITPOINT WARNING * * *
You feel very sick. You block the death drake's attack.
The death drake bites you but does no damage.
The catoblepas skeleton moves out of view.
You block the earth elemental's attack.
An earth elemental comes into view.
* * * LOW HITPOINT WARNING * * *
You feel very sick. The death drake breathes miasma at you.
The foul vapour engulfs you! The earth elemental hits you!!
You die...
Kikubaaqudgha rasps: "You have failed me!
Welcome... death!"

## #### ##
#.§.#§# §#
##.#.#§#E###Z#
∩
≈≈≈≈≈§§@k.ZE#
#E#Z#Z#Z###E#
. .#.#§# §# #
### ### ##


You could see a death drake, 4 earth elementals, 4 catoblepas skeletons and a
friendly catoblepas zombie.

Vanquished Creatures
  Saint Roka (Orc:2)
  Arachne (Spider:4)
  3 deep elf blademasters
  Asterion (Spider:1)
  2 deep elf master archers (Elf:3)
  2 thorn hunters
  Kirke (Elf:1)
  3 ghost moths
  4 deep elf elementalists (Elf:3)
  4 deep elf sorcerers (Elf:3)
  Aizul (Spider:1)
  An emperor scorpion (Spider:3)
  A very ugly thing (Swamp:4)
  6 deep elf demonologists (Elf:3)
  A white draconian (IceCv)
  4 deep elf annihilators (Elf:3)
  A spark wasp (Spider:4)
  Azrael (Elf:1)
  3 deep elf death magi (Elf:3)
  Josephine (D:10)
  2 entropy weavers
  A catoblepas (Abyss:3)
  15 hydras
  A deep elf high priest (Elf:3)
  The ghost of HenryFlower the Inventor, a journeyman DDFi of Pakellas (Lair:2)
  A centaur warrior (D:11)
  A deep troll shaman (Lair:8)
  A ghost crab (Swamp:2)
  26 dancing weapons
  6 alligators
  13 death yaks
  A queen ant (Spider:2)
  A spriggan berserker (Swamp:4)
  Sonja (D:11)
  4 orc high priests
  14 deep elf knights
  A skeletal warrior (D:9)
  The ghost of heteroy the Thaumaturge, a novice DEFE of Uskayaw (D:10)
  A spectral emperor scorpion (Spider:4)
  2 unseen horrors
  7 death scarabs (Spider:4)
  8 deep elf archers
  3 hill giants
  A shambling mangrove (Swamp:4)
  5 swamp dragons
  A spectral wolf spider (Spider:4)
  A lindwurm (Volcano)
  3 wolf spider zombies (Spider:4)
  48 deep elf magi
  4 orb spiders
  2 orc knights (Orc:2)
  3 ugly things
  13 wolf spiders
  A cyclops (D:12)
  3 orc sorcerers
  A griffon (Lair:8)
  6 hornets
  A sixfirhy (Abyss:3)
  7 black mambas
  20 elephants
  An ice statue (IceCv)
  Maurice (D:12)
  A centaur zombie (D:10)
  4 moths of wrath
  A gargoyle (Volcano)
  4 torpor snails
  2 molten gargoyles (Volcano)
  4 large abominations (Abyss:3)
  A centaur skeleton (D:12)
  19 spiny frogs
  5 demonic crawlers
  2 spectral redbacks (Spider:4)
  6 komodo dragons
  3 rime drakes
  An efreet (Abyss:3)
  An ancient zyme (Abyss:3)
  20 jumping spiders
  5 trolls
  6 giant leeches
  A spectral jumping spider (Spider:4)
  23 polar bears
  A spectral tarantella (Spider:4)
  Grinder (D:4)
  A jumping spider zombie (Spider:4)
  2 two-headed ogres (D:10)
  7 bog bodies
  A hornet zombie (Spider:4)
  20 slime creatures
  A tarantella zombie (Spider:4)
  A blink frog (shapeshifter) (D:12)
  2 boulder beetles
  The ghost of Doshite the Vandal, an amateur HaHu of Nemelex Xobeh (D:5)
  4 blink frogs
  An air elemental (Elf:3)
  27 tarantellas
  5 wraiths
  65 redbacks
  4 spriggans
  7 wyverns
  3 water elementals
  47 yaks
  12 hippogriffs
  4 hogs (Elf:1)
  7 fire elementals
  6 vampire mosquitoes
  5 basilisks
  2 hungry ghosts
  2 insubstantial wisps (Swamp:2)
  12 swamp worms
  3 wargs
  23 soldier ants (Spider:2)
  2 hell hounds (Elf:1)
  14 water moccasins
  13 porcupines
  2 sky beasts
  23 orc warriors
  3 swamp drakes (Swamp:4)
  13 wasps
  3 ice beasts
  A phantom (D:4)
  6 ogres
  3 black bears
  29 wolves
  4 centaurs
  A necrophage (D:8)
  21 crocodiles
  A big kobold (D:10)
  18 giant frogs
  4 earth elementals
  2 small abominations (Abyss:3)
  2 scorpions
  6 killer bees
  3 jellies
  5 crimson imps
  An electric eel (Lair:5)
  3 giant frog zombies
  3 howler monkeys (D:8)
  A quasit (D:9)
  7 hounds
  22 orc wizards
  3 giant frog skeletons
  15 orc priests
  13 iguanas
  21 worker ants
  7 sheep
  A hound skeleton (D:9)
  A howler monkey zombie (D:6)
  3 worker ant zombies
  A gnoll (D:6)
  18 adders
  33 river rats
  2 shadow imps (D:10)
  3 oozes
  An adder skeleton (D:5)
  3 worms
  4 dart slugs
  7 giant geckos
  103 orcs
  5 giant cockroaches
  11 hobgoblins
  13 jackals
  3 quokkas
  A ball python (D:3)
  9 bats
  A giant gecko skeleton (D:4)
  4 giant newts
  15 goblins
  A jackal skeleton (D:4)
  16 kobolds
  6 rats
  14 briar patches (Swamp:3)
  A fire vortex (Volcano)
  3 fulminant prisms
  3 fungi
  3 plants
1226 creatures vanquished.

Vanquished Creatures (collateral kills)
  Jorgrun (Spider:4)
  A thorn hunter (Swamp:4)
  Donald (Spider:4)
  A deep elf sorcerer (Elf:3)
  3 emperor scorpions
  2 entropy weavers (Spider:3)
  9 hydras
  A catoblepas (Lair:8)
  3 dancing weapons (Elf:2)
  3 death yaks (Lair:8)
  A spriggan berserker (Swamp:4)
  A hell hog (Abyss:3)
  A death scarab (Spider:4)
  A giant orange brain (Abyss:3)
  6 swamp dragons (Swamp:4)
  A deep elf archer (Elf:2)
  A lindwurm (Lair:8)
  4 orb spiders
  4 deep elf magi
  3 wolf spiders
  2 hornets
  2 moths of wrath (Spider:4)
  7 elephants
  2 black mambas
  The ghost of ythm the Frost Mage, a novice DEIE of Vehumet (D:7)
  2 torpor snails
  A gargoyle (Volcano)
  2 spiny frogs
  A rime drake (Lair:8)
  A spectral redback (Spider:4)
  A centaur skeleton (D:11)
  2 komodo dragons
  A redback zombie (Spider:4)
  5 demonic crawlers
  A giant leech (Swamp:4)
  A polar bear (IceCv)
  5 jumping spiders
  3 bog bodies
  A spectral hornet (Spider:4)
  3 blink frogs
  7 slime creatures
  3 jumping spider zombies (Spider:4)
  A hornet zombie (Spider:4)
  A spriggan (Swamp:4)
  A tarantella zombie (Spider:4)
  15 tarantellas
  31 redbacks
  5 yaks
  A chaos spawn (Abyss:3)
  2 vampire mosquitoes
  2 hippogriffs (Lair:7)
  A hog (Elf:1)
  2 soldier ants (Spider:2)
  3 insubstantial wisps (Swamp:2)
  5 water moccasins
  2 porcupines
  4 swamp drakes (Swamp:4)
  3 orc warriors (Orc:2)
  2 black bears
  A phantom (D:8)
  An ogre (D:8)
  8 wolves
  4 crocodiles
  5 giant frogs
  A scorpion (D:8)
  A killer bee (D:8)
  An electric eel (Lair:4)
  2 crimson imps
  A giant frog skeleton (D:10)
  2 orc priests
  An orc wizard (Orc:2)
  2 iguanas
  2 worker ants
  5 sheep (Lair:7)
  A worker ant zombie (D:9)
  3 adders
  11 river rats
  6 orcs
  A jackal (D:9)
  2 kobolds (D:10)
  A bush (Lair:8)
  A butterfly (Lair:5)
  4 fungi
  10 plants
260 creatures vanquished.

Vanquished Creatures (others)
  2 deep elf elementalists (Elf:3)
  A griffon (Lair:3)
  A ynoxinul (Abyss:3)
  2 wolves (IceCv)
  A white imp (Abyss:3)
  A briar patch (Swamp:4)
  2 bushes
  3 fire vortices (Volcano)
  82 fulminant prisms
  23 fungi
  23 plants
  17 starspawn tentacles (Abyss:3)
  108 starspawn tentacle segments (Abyss:3)
266 creatures vanquished.

Grand Total: 1752 creatures vanquished

Notes
Turn   | Place    | Note
--------------------------------------------------------------
     0 | D:1      | Delvonshi the Demonspawn Conjurer began the quest for the Orb.
     0 | D:1      | Reached XP level 1. HP: 13/13 MP: 3/3
   248 | D:1      | Gained mutation: You have sharp fingernails. [demonic ancestry]
   248 | D:1      | Reached XP level 2. HP: 19/19 MP: 0/5
   896 | D:2      | Found a glowing silver altar of Zin.
  1405 | D:2      | Gained mutation: A weak demonic guardian rushes to your aid. [demonic ancestry]
  1405 | D:2      | Reached XP level 3. HP: 23/24 MP: 1/7
  2289 | D:2      | Gained mutation: You are partially covered in rough black scales. (AC +4, Dex -1) [demonic ancestry]
  2289 | D:2      | Reached XP level 4. HP: 14/31 MP: 1/8
  2312 | D:2      | Reached skill level 1 in Fighting
  2766 | D:3      | Reached skill level 5 in Conjurations
  3053 | D:3      | Learned a level 4 spell: Iskenderun's Mystic Blast
  3273 | D:3      | Reached XP level 5. HP: 36/37 MP: 0/10
  4612 | D:4      | Found a staircase to the Ecumenical Temple.
  4634 | Temple   | Entered the Ecumenical Temple
  4668 | Temple   | Became a worshipper of Kikubaaqudgha
  4685 | D:4      | Noticed Grinder
  4697 | D:4      | Killed Grinder
  4697 | D:4      | Reached XP level 6. HP: 31/47 MP: 0/11
  4845 | D:4      | Found a shadowy altar of Dithmenos.
  5070 | D:4      | Found a burning altar of Makhleb.
  5429 | D:4      | Gained mutation: You are mostly covered in rough black scales. (AC +7, Dex -2) [demonic ancestry]
  5429 | D:4      | Reached XP level 7. HP: 27/54 MP: 0/12
  5706 | D:5      | Entered Level 5 of the Dungeon
  5811 | D:5      | Noticed Doshite's ghost (amateur HaHu)
  5814 | D:5      | Killed Doshite's ghost
  5978 | D:5      | Reached skill level 5 in Fighting
  6757 | D:6      | Reached * piety under Kikubaaqudgha
  6757 | D:6      | Received a gift from Kikubaaqudgha
  6757 | D:6      | Reached skill level 1 in Necromancy
  6758 | D:6      | Identified Kikubaaqudgha's Collected Works on Evil Rituals (Kikubaaqudgha gifted it to you on level 6 of the Dungeon)
  6761 | D:6      | Learned a level 1 spell: Animate Skeleton
  6841 | D:6      | Found Cezatai's Antique Armour Emporium.
  6994 | D:6      | Found a glowing golden altar of the Shining One.
  7526 | D:6      | Reached skill level 2 in Necromancy
  7558 | D:6      | Gained mutation: You are completely covered in rough black scales. (AC +10, Dex -3) [demonic ancestry]
  7558 | D:6      | Reached XP level 8. HP: 62/62 MP: 6/13
  7777 | D:6      | Got a brightly glowing ring mail
  7788 | D:6      | Identified the +0 ring mail of Thank Me Later {rPois rC+++ Str-3 Slay+5} (You found it on level 6 of the Dungeon)
  8010 | D:7      | Noticed ythm's ghost (novice DEIE)
  8133 | D:7      | Killed ythm's ghost
  8133 | D:7      | Reached skill level 3 in Necromancy
  8197 | D:7      | Reached skill level 4 in Necromancy
  8377 | D:7      | Learned a level 3 spell: Mephitic Cloud
  8621 | D:7      | Got a crude hand crossbow
  8622 | D:7      | Identified the cursed +2 hand crossbow of Hyupip {penet, rC+} (You found it on level 7 of the Dungeon)
  8788 | D:8      | Reached skill level 5 in Necromancy
  9262 | D:8      | Gained mutation: You have very sharp fingernails. [demonic ancestry]
  9262 | D:8      | Reached XP level 9. HP: 68/68 MP: 15/15
  9401 | D:8      | Found Herem's Assorted Antiques.
  9497 | D:8      | Bought a dark potion for 24 gold pieces
  9497 | D:8      | Bought a scroll labeled HAWISOPU PEWU for 27 gold pieces
  9497 | D:8      | Bought a red potion for 24 gold pieces
  9497 | D:8      | Bought a fizzy amethyst potion for 24 gold pieces
  9650 | D:8      | Reached skill level 6 in Necromancy
  9673 | D:8      | Reached ** piety under Kikubaaqudgha
  9724 | D:8      | Found an oddly glowing altar of Pakellas.
  9725 | D:8      | Found a sacrificial altar of Ru.
  9725 | D:8      | Found a radiant altar of Vehumet.
  9727 | D:8      | Found a deep blue altar of Sif Muna.
  9735 | D:8      | Reached skill level 5 in Spellcasting
 10219 | D:8      | Found a blossoming altar of Fedhas.
 10240 | D:8      | Reached skill level 1 in Air Magic
 10240 | D:8      | Reached skill level 1 in Poison Magic
 10424 | D:9      | Reached skill level 7 in Necromancy
 10724 | D:9      | Noticed a troll
 10770 | D:9      | Killed a troll
 11020 | D:9      | Noticed a skeletal warrior
 11341 | D:9      | Noticed a komodo dragon
 11356 | D:9      | Killed a komodo dragon
 11356 | D:9      | Reached XP level 10. HP: 33/74 MP: 10/19
 11600 | D:9      | Found a staircase to the Lair.
 11626 | D:9      | Learned a level 3 spell: Regeneration
 11631 | Lair:1   | Entered Level 1 of the Lair of Beasts
 11640 | Lair:1   | Noticed a six-headed hydra
 11733 | Lair:1   | Learned a level 2 spell: Repel Missiles
 11740 | Lair:1   | Learned a level 4 spell: Fulminant Prism
 11753 | Lair:1   | Noticed a spiny frog
 11768 | Lair:1   | Killed a spiny frog
 11827 | Lair:1   | Reached skill level 1 in Charms
 11866 | Lair:1   | Reached skill level 1 in Hexes
 11915 | Lair:1   | Reached *** piety under Kikubaaqudgha
 11915 | Lair:1   | Received a gift from Kikubaaqudgha
 11918 | Lair:1   | Identified Kikubaaqudgha's Tome of Dark Arts (Kikubaaqudgha gifted it to you on level 1 of the Lair of Beasts)
 12660 | Lair:1   | Identified a scroll of acquirement
 13247 | Lair:1   | Noticed a black mamba
 13263 | Lair:1   | Killed a black mamba
 13263 | Lair:1   | Reached skill level 1 in Polearms
 13705 | Lair:1   | Noticed a spiny frog
 13717 | Lair:1   | Killed a spiny frog
 13892 | Lair:1   | Noticed a spiny frog
 13907 | Lair:1   | Killed a spiny frog
 14112 | Lair:2   | Learned a level 5 spell: Bolt of Draining
 14140 | Lair:2   | Noticed HenryFlower's ghost (journeyman DDFi)
 14171 | Lair:2   | Noticed a spiny frog
 14179 | Lair:2   | Killed a spiny frog
 14179 | Lair:2   | Gained mutation: When hurt, damage is shared between your health and your magic reserves. [demonic ancestry]
 14179 | Lair:2   | Reached XP level 11. HP: 51/80 MP: 6/21
 14354 | Lair:2   | Reached skill level 5 in Poison Magic
 14457 | Lair:2   | Killed HenryFlower's ghost
 14605 | Lair:2   | Reached **** piety under Kikubaaqudgha
 14623 | Lair:2   | Noticed an eight-headed hydra
 15084 | Lair:2   | Killed a nine-headed hydra
 15340 | Lair:3   | Noticed a griffon
 15351 | Lair:3   | Killed a griffon
 15523 | Lair:3   | Found a hole to the Spider Nest.
 15685 | Lair:3   | Reached skill level 5 in Hexes
 15810 | Lair:3   | Found a dark tunnel.
 15815 | Volcano  | Entered a volcano
 16011 | Volcano  | Noticed a lindwurm
 16177 | Volcano  | Killed a lindwurm
 16271 | Volcano  | Reached skill level 5 in Charms
 16866 | Lair:4   | Noticed an eight-headed hydra
 17100 | Lair:4   | Found a staircase to the Swamp.
 17159 | Lair:4   | Identified the Volume of Transformation and Poison (You found it on level 4 of the Lair of Beasts)
 17292 | Lair:4   | Gained mutation: Your magical and physical power is slightly enhanced at high health. [demonic ancestry]
 17292 | Lair:4   | Reached XP level 12. HP: 37/86 MP: 0/24
 17531 | Lair:4   | Reached skill level 8 in Necromancy
 17733 | Lair:4   | Reached skill level 10 in Conjurations
 17833 | Lair:4   | Killed a nine-headed hydra
 18806 | Lair:5   | Reached ***** piety under Kikubaaqudgha
 18828 | Lair:5   | Learned a level 4 spell: Animate Dead
 19011 | Lair:5   | Reached skill level 9 in Necromancy
 19763 | Lair:6   | Noticed a five-headed hydra
 19769 | Lair:6   | Killed a five-headed hydra
 20209 | Lair:6   | Found a staircase to the Slime Pits.
 20976 | Lair:7   | Noticed a six-headed hydra
 20978 | Lair:7   | Killed a six-headed hydra
 20985 | Lair:7   | Reached XP level 13. HP: 62/98 MP: 3/26
 21319 | Lair:7   | Reached skill level 10 in Necromancy
 21743 | Lair:8   | Entered Level 8 of the Lair of Beasts
 21750 | Lair:8   | Reached skill level 10 in Spellcasting
 22317 | Lair:8   | Reached ****** piety under Kikubaaqudgha
 22631 | Lair:8   | Reached skill level 11 in Necromancy
 22794 | Lair:8   | Learned a level 2 spell: Sublimation of Blood
 23027 | Lair:8   | Gained mutation: You have claws for hands. [demonic ancestry]
 23027 | Lair:8   | Reached XP level 14. HP: 80/108 MP: 5/28
 23096 | Lair:8   | Got a vibrating platinum ring
 23107 | Lair:8   | Identified the ring of Hiuh {-Tele rC++ MR+ Str+3 Dex+4} (You found it on level 8 of the Lair of Beasts)
 23694 | D:10     | Entered Level 10 of the Dungeon
 23697 | D:10     | Noticed Josephine
 23709 | D:9      | Reached skill level 1 in Armour
 23748 | D:9      | Learned a level 5 spell: Dispel Undead
 23934 | D:9      | Found a hazy altar of Hepliaklqana.
 24005 | D:10     | Killed Josephine
 24935 | D:10     | Noticed heteroy's ghost (novice DEFE)
 24939 | D:10     | Killed heteroy's ghost
 24969 | D:11     | Noticed Sonja
 24972 | D:11     | Killed Sonja
 25830 | D:11     | Found a basalt altar of Yredelemnul.
 25848 | D:11     | Reached skill level 5 in Polearms
 26680 | D:12     | Reached skill level 12 in Necromancy
 26829 | D:12     | Noticed Maurice
 26832 | D:12     | Killed Maurice
 27002 | D:12     | Found Kueskin's Weapon Emporium.
 27002 | D:12     | Found a staircase to the Orcish Mines.
 27016 | D:12     | Found Kunol's Armour Emporium.
 27112 | D:12     | Bought the +8 demon blade of Pain and Death {pain, rC+ Str+3 Stlth+} for 1305 gold pieces
 27219 | D:12     | Reached skill level 1 in Long Blades
 27887 | Orc:1    | Entered Level 1 of the Orcish Mines
 27991 | Orc:1    | Found a frozen archway.
 27996 | Orc:1    | Reached skill level 1 in Shields
 28117 | IceCv    | Entered an ice cave
 28546 | IceCv    | Reached XP level 15. HP: 97/115 MP: 20/30
 29159 | Orc:2    | Entered Level 2 of the Orcish Mines
 29159 | Orc:2    | Found a staircase to the Elven Halls.
 29162 | Orc:2    | Reached skill level 5 in Long Blades
 29357 | Orc:2    | Found a roughly hewn altar of Beogh.
 29366 | Orc:2    | Found Kiov's General Store.
 29473 | Orc:2    | Noticed Saint Roka
 29723 | Orc:2    | Killed Saint Roka
 29723 | Orc:2    | Reached skill level 5 in Armour
 29801 | Orc:2    | Found Onisch's Antique Weapon Emporium.
 29802 | Orc:2    | Found a roughly hewn altar of Beogh.
 29805 | Orc:2    | Found Haocram's Antique Armour Shoppe.
 29822 | Orc:2    | Bought a heavily jewelled robe for 193 gold pieces
 29838 | Orc:2    | Identified the +4 robe "Poybam" {Regen+} (You bought it in a shop on level 2 of the Orcish Mines)
 29985 | Orc:2    | Found a roughly hewn altar of Beogh.
 30021 | Orc:2    | Found a roughly hewn altar of Beogh.
 30281 | Orc:2    | Found a roughly hewn altar of Beogh.
 30302 | Orc:2    | Found Beazann's Magic Scroll Shop.
 30308 | Orc:2    | Bought a scroll of identify for 26 gold pieces
 30308 | Orc:2    | Bought a scroll of identify for 26 gold pieces
 30308 | Orc:2    | Bought a scroll of teleportation for 39 gold pieces
 30308 | Orc:2    | Bought a scroll of identify for 26 gold pieces
 30308 | Orc:2    | Bought a scroll of teleportation for 39 gold pieces
 30308 | Orc:2    | Bought a scroll of identify for 26 gold pieces
 31007 | Spider:1 | Entered Level 1 of the Spider Nest
 31307 | Spider:1 | Reached skill level 1 in Evocations
 31311 | Spider:1 | Noticed Asterion
 31319 | Spider:1 | Killed Asterion
 31741 | Spider:1 | Killed a ghost moth
 32226 | Spider:1 | Noticed Aizul
 32258 | Spider:1 | Killed Aizul
 33750 | Spider:2 | Reached XP level 16. HP: 122/122 MP: 31/31
 33835 | Spider:2 | Got a scorched morningstar
 33836 | Spider:2 | Identified the +7 morningstar "Direl" {speed, *Noise +Blink rC+++ Dex-2} (You found it on level 2 of the Spider Nest)
 34524 | Spider:3 | Got a pair of jewelled boots
 34532 | Spider:3 | Identified the +0 pair of boots of Dawn {MR+} (You found it on level 3 of the Spider Nest)
 34616 | Spider:3 | Reached skill level 13 in Necromancy
 35232 | Spider:4 | Entered Level 4 of the Spider Nest
 35499 | Spider:4 | Noticed Donald
 35511 | Spider:4 | Killed Donald
 35530 | Spider:4 | Noticed Arachne
 35536 | Spider:4 | Reached skill level 10 in Long Blades
 35564 | Spider:4 | Killed Arachne
 35844 | Spider:4 | Reached skill level 14 in Necromancy
 36075 | Spider:4 | Noticed Jorgrun
 37427 | Spider:4 | Killed Jorgrun
 37427 | Spider:4 | Gained mutation: Your magical and physical power is enhanced at high health. [demonic ancestry]
 37427 | Spider:4 | Reached XP level 17. HP: 79/127 MP: 17/32
 37460 | Spider:4 | Got a gossamer rune of Zot
 37496 | Spider:4 | Learned a level 6 spell: Freezing Cloud
 37662 | Swamp:1  | Entered Level 1 of the Swamp
 37962 | Swamp:1  | Reached skill level 1 in Ice Magic
 38152 | Swamp:1  | Noticed Roxanne
 38535 | Swamp:2  | Reached skill level 5 in Air Magic
 38561 | Swamp:2  | Reached skill level 10 in Fighting
 40099 | Swamp:4  | Entered Level 4 of the Swamp
 40188 | Swamp:4  | Gained mutation: You are agile. (Dex +2) [potion of beneficial mutation]
 41505 | Swamp:4  | Got a decaying rune of Zot
 41526 | Swamp:4  | Reached skill level 5 in Ice Magic
 42287 | Elf:1    | Entered Level 1 of the Elven Halls
 42715 | Elf:1    | Noticed Azrael
 42742 | Elf:1    | Killed Azrael
 42986 | Elf:1    | Gained mutation: A demonic guardian rushes to your aid. [demonic ancestry]
 42986 | Elf:1    | Reached XP level 18. HP: 138/138 MP: 34/34
 43555 | Elf:1    | Noticed Kirke
 43587 | Elf:1    | Killed Kirke
 44857 | Elf:2    | Found a huge runed gate.
 44857 | Elf:2    | Found a huge runed gate.
 44857 | Elf:2    | Found a huge runed gate.
 44857 | Elf:2    | Found a huge runed gate.
 44859 | Elf:2    | Found a huge runed gate.
 45859 | Elf:3    | Entered Level 3 of the Elven Halls
 46528 | Elf:3    | Noticed an Ice Fiend
 46836 | Elf:3    | Noticed an Ice Fiend
 46841 | Elf:3    | Reached skill level 10 in Air Magic
 46889 | Elf:3    | Reached XP level 19. HP: 100/149 MP: 35/35
 46901 | Elf:3    | Reached skill level 15 in Necromancy
 47432 | Elf:3    | Cast into level 3 of the Abyss (a deep elf sorcerer)
 47457 | Abyss:3  | Found a corrupted altar of Lugonu.
 47692 | Abyss:3  | Gained mutation: [Your magical capacity is extremely low. (-30% MP)] [a neqoxec]
 47696 | Abyss:3  | Gained mutation: You are weak. (Str -2) [a neqoxec]
 47701 | Abyss:3  | Gained mutation: Your spells are a little easier to cast, but a little less powerful. [a neqoxec]
 47748 | Abyss:3  | Found a corrupted altar of Lugonu.
 48187 | Abyss:3  | Slain by an earth elemental

Vault maps used:
D:1:      lemuel_arrival_hallway
D:2:      nicolae_overflow_crystal_walls
D:3:      first_bread, kennysheep_generic_room_11
D:4:      kennysheep_spiral_hall, kennysheep_little_box,
          minmay_temple_entry_overgrown, nicolae_dithmenos_shadow_blocks,
          uniq_grinder
D:5:      grunt_ministairs_8
D:6:      corexii_shantytown, lemuel_coloured_pillars_altar,
          nicolae_ossuary_entry_plus, serial_shops, shop_statue
D:7:      minmay_misc_feat_five
D:8:      fedhas_altar_1, grunt_temple_overflow_open, serial_shops, shop
D:9:      lemuel_doored_altar, david_lair_shrubbed
D:10:     uniq_josephine
D:11:     basic_altar, uniq_sonja
D:12:     orc_david_3, grunt_pizzeria, uniq_maurice
Temple:   circular_temple_12
Lair:1:   wad_woods_river_03, st_stairs_5, beast_lair_carwin_11
Lair:2:   grunt_forest_small_clearings, grunt_megastairs_2
Lair:3:   spider_nest_entry_web_field, enter_volcano_1, grunt_megastairs_5
Lair:4:   minmay_swamp_entry_worms, grunt_megastairs_3,
          infiniplex_staircase_pool
Lair:5:   serial_bayou_shore_a, lemuel_fruit_fields
Lair:6:   slime_dummy, serial_bayou_shore_b
Lair:7:   ldierk_geyser, beast_lair_carwin_2
Lair:8:   grunt_lair_end_beastmaster
Swamp:1:  evilmike_swamp_ruin_house_1, uniq_roxanne
Swamp:2:  evilmike_swamp_ruin_house_3
Swamp:3:  hangedman_swamp_ruin_hall, infiniplex_staircase_pool_2
Swamp:4:  swamp_basic_johnstein, swamp_pool1
Spider:1: uniq_asterion, uniq_aizul
Spider:2: minivault_29
Spider:4: floodkiller_spider_rune_tomb, uniq_donald, uniq_arachne, uniq_jorgrun
Orc:1:    portal_ice_cave_entry_animals_and_master
Orc:2:    grunt_orc_community_town_hall, grunt_orc_community_big_house_2,
          grunt_orc_community_big_house_2, grunt_orc_community_house_3,
          grunt_orc_community_house_3, grunt_orc_community_house_2,
          grunt_orc_community_house_2, basic_altar
Elf:1:    elf_arrival_002, hangedman_elven_crosses_minicolossus, uniq_kirke,
          uniq_azrael
Elf:3:    elf_hall, st_stairs_8, grunt_ministairs_13, basic_stair_grate_trap,
          uniq_saint_roka
Abyss:3:  minivault_28
IceCv:    ice_cave_caverns_01
Volcano:  volcano_aerie

Skill      XL: |  1  2  3  4  5  6  7  8  9 10 11 12 13 14 15 16 17 18 19 |
---------------+----------------------------------------------------------+-----
Spellcasting   | 3 4 6 7 8 9 10 11 12 | 12.5
Fighting       | 1 3 4 5 7 9 11 13 | 13.4
Conjurations   | 5 6 7 8 9 11 12 13 | 13.2
Necromancy     | 2 5 7 9 11 12 14 15 | 15.3
Air Magic      | 2 4 7 10 | 10.0
Poison Magic   | 2 4 5 |  5.3
Charms         | 3 5 |  5.1
Hexes          | 3 5 |  5.7
Polearms       | 1 4 5 |  5.2
Armour         | 3 7 |  7.4
Long Blades    | 4 8 11 | 11.3
Shields        | 3 |  3.9
Evocations     | 4 |  4.9
Ice Magic      | 5 8 |  8.9
Dodging        | |  1.7
Stealth        | |  1.7

Action                   |  1- 3 |  4- 6 |  7- 9 | 10-12 | 13-15 | 16-18 | 19-21 || total
-------------------------+-------+-------+-------+-------+-------+-------+-------++-------
Melee: Unarmed           |   114 |   120 |    57 |       |       |       |       ||   291
       Flail             |       |     3 |       |       |       |       |       ||     3
       Dagger            |       |       |   603 |   138 |       |       |       ||   741
       Glaive            |       |       |       |   368 |   359 |       |       ||   727
       Demon blade       |       |       |       |       |   535 |  1016 |   125 ||  1676
       Morningstar       |       |       |       |       |       |    11 |       ||    11
Throw: Tomahawk          |       |       |     2 |       |       |       |       ||     2
 Cast: Magic Dart        |   110 |   118 |    57 |     5 |     1 |       |       ||   291
       Iskenderun's Myst |       |     4 |    49 |    51 |     5 |       |       ||   109
       Animate Skeleton  |       |       |    22 |    53 |     7 |     2 |       ||    84
       Mephitic Cloud    |       |       |       |    35 |     8 |       |       ||    43
       Regeneration      |       |       |       |     6 |    26 |    30 |    10 ||    72
       Bolt of Draining  |       |       |       |    23 |   109 |    92 |     5 ||   229
       Fulminant Prism   |       |       |       |    17 |    48 |    20 |       ||    85
       Repel Missiles    |       |       |       |     2 |     3 |     2 |       ||     7
       Animate Dead      |       |       |       |     8 |    63 |    79 |     1 ||   151
       Sublimation of Bl |       |       |       |       |    40 |    29 |     4 ||    73
       Dispel Undead     |       |       |       |       |    11 |    23 |       ||    34
       Freezing Cloud    |       |       |       |       |       |    14 |     4 ||    18
Invok: Receive Corpses   |       |       |       |       |     9 |    14 |       ||    23
       Torment           |       |       |       |       |     2 |     1 |       ||     3
 Abil: Evoke Flight      |       |       |       |       |       |     1 |       ||     1
Evoke: Wand              |       |     1 |     1 |     5 |     6 |     3 |       ||    16
  Use: Scroll            |       |     2 |     5 |    20 |    11 |     9 |     3 ||    50
       Potion            |       |       |     1 |     7 |     3 |    15 |     4 ||    30
 Stab: Sleeping          |     3 |     2 |     2 |     1 |     3 |     4 |     1 ||    16
       Distracted        |       |       |     2 |     5 |     9 |    12 |       ||    28
       Confused          |       |       |       |     8 |     2 |       |       ||    10
  Eat: Chunk             |     4 |    11 |    17 |    33 |    59 |    59 |     4 ||   187
       Meat ration       |       |       |     2 |     2 |       |       |       ||     4
       Royal jelly       |       |       |     1 |       |       |       |       ||     1
       Fruit             |       |       |       |     2 |       |     2 |       ||     4
       Pizza             |       |       |       |       |     2 |     5 |       ||     7
       Bread ration      |       |       |       |       |     2 |     1 |     1 ||     4
Armor: Robe              |    21 |    51 |    91 |       |       |       |       ||   163
       Ring mail         |       |       |   228 |   327 |   524 |   517 |    65 ||  1661
Dodge: Dodged            |    80 |   102 |   300 |   280 |   462 |   343 |    62 ||  1629
       Deflected         |       |       |       |     1 |    11 |    18 |     2 ||    32
Block: Buckler           |       |       |       |       |   348 |   539 |    62 ||   949
       Other             |       |       |       |       |    45 |       |       ||    45
       Reflection        |       |       |       |       |    16 |    17 |     3 ||    36
